 Dungeon Crawl Stone Soup version 0.30-a0-1094-g860fb061e7 (webtiles) character file.

Game seed: 15219782522096823194

182 BlueFish the Sneak (level 5, -5/35 HPs)
             Began as an Octopode Warper on Apr 18, 2023.
             Slain by a bullfrog (7 damage)
             ... on level 4 of the Dungeon.
             The game lasted 00:04:51 (3126 turns).

BlueFish the Sneak (Octopode Warper)                Turns: 3126, Time: 00:04:52

Health: -5/35      AC:  1    Str: 13    XL:     5   Next: 62%
Magic:  8/8        EV: 13    Int: 15    God:
Gold:   223        SH:  0    Dex: 11    Spells: 1/8 levels left

rFire   . . .      SeeInvis .    a - +0 mace
rCold   . . .      Faith    +    (no shield)
rNeg    . . .      Spirit   .    (helmet restricted)
rPois   .          Reflect  .    v - amulet of faith
rElec   .          Rampage  .    (no ring)
rCorr   .                        (no ring)
Will    .....                    (no ring)
Stlth   +++                      (no ring)
HPRegen 0.25/turn                (no ring)
MPRegen 0.11/turn                (no ring)
                                 (no ring)
                                 (no ring)

@: no status effects
A: almost no armour, amphibious, 8 rings, camouflage 1, gelatinous body 1,
(nimble swimmer 1), tentacles
a: no special abilities


You were on level 4 of the Dungeon.
You visited 1 branch of the dungeon, and saw 4 of its levels.

You collected 223 gold pieces.

Inventory:

Hand Weapons
 a - a +0 mace (weapon)
 b - a +0 sling
Missiles
 c - 7 boomerangs of dispersal (quivered)
 f - 41 stones
 h - 6 javelins
 p - 6 poisoned darts
 q - 3 boomerangs
 w - 2 curare-tipped darts
Jewellery
 v - an amulet of faith (around mantle)
Scrolls
 d - 8 scrolls of identify {unknown}
 i - a scroll of magic mapping {unknown}
 k - 2 scrolls of poison {unknown}
 l - a scroll of torment {unknown}
 m - a scroll of blinking
 s - a scroll of acquirement {unknown}
 t - a scroll of enchant armour {unknown}
Potions
 e - a potion of brilliance {unknown}
 g - 2 potions of heal wounds {unknown}
 j - 3 potions of haste {unknown}
 n - 4 potions of curing {unknown}
 o - 2 potions of mutation {unknown}
 r - a potion of degeneration {unknown}
 u - a potion of might {unknown}


   Skills:
 + Level 2.7 Fighting
 + Level 2.6 Maces & Flails
 + Level 1.9 Throwing
 + Level 3.0 Dodging
 * Level 3.7 Stealth
 + Level 2.4 Spellcasting
 + Level 3.5 Translocations


You had one spell level left.
You knew the following spells:

 Your Spells              Type           Power      Damage    Failure   Level
a - Blink                 Tloc           24%        N/A       8%          2
b - Lesser Beckoning      Tloc           24%        N/A       8%          2
c - Teleport Other        Tloc           12%        N/A       16%         3

Your spell library contained the following spells:

 Spells                   Type           Power      Damage    Failure   Level
 Magic Dart               Conj           4%         1d3       22%         1
 Vhi's Electric Charge    Tloc/Air       14%        N/A       30%         3
 Call Imp                 Summ           2%         N/A       32%         2
 Cigotuvi's Dreadful Rot  Necr/Pois/Air  2%         N/A       32%         2
 Manifold Assault         Tloc           12%        N/A       45%         4
 Ignite Poison            Fire/Tmut/Pois 1%         N/A       54%         3
 Mephitic Cloud           Conj/Pois/Air  1%         N/A       54%         3
 Freezing Cloud           Conj/Ice/Air   0%         6-21      99%         5


Dungeon Overview and Level Annotations

Branches:
Dungeon (4/15)
 Temple: D:4-7

Altars:
Sif Muna

Shops:
D:1 *

Annotations:
D:4 exclusion: bullfrog


Innate Abilities, Weirdness & Mutations

You cannot wear most types of armour.
You are amphibious.
You can wear up to eight rings at the same time.
Your skin changes colour to match your surroundings (Stealth+).
Your rubbery body absorbs attacks. (AC +1, EV +1)
((You are camouflaged when in or above water. (Stealth+)))
You have tentacles for arms and can constrict up to eight enemies at once.


Message History

The arrow hits you.
Cast which spell? (? or * to list)
You can't see any susceptible monsters within range! (Use Z to cast anyway.)
The centaur shoots an arrow.
The arrow closely misses you.
Cast which spell? (? or * to list)
You can't see any susceptible monsters within range! (Use Z to cast anyway.)
The centaur shoots an arrow.
The arrow hits you!
The centaur shoots an arrow.
The arrow hits you!
* * * LOW HITPOINT WARNING * * *
Okay, then.
Blink to where?
Press: ? - help, Dir - move target
As you read the scroll of blinking, it crumbles to dust.
You start resting.
A centaur is nearby!
Really wriggle into a travel-excluded area?
a - a +0 mace (weapon)
The bullfrog hits you.
You hit the bullfrog. Your grab misses the bullfrog.
The bullfrog is moderately wounded.
The bullfrog closely misses you. The bullfrog hits you!
* * * LOW HITPOINT WARNING * * *
You closely miss the bullfrog. Your grab misses the bullfrog.
Your squeeze misses the bullfrog.
The bullfrog is moderately wounded.
The bullfrog hits you.
* * * LOW HITPOINT WARNING * * *
You hit the bullfrog. You grab the bullfrog.
The bullfrog is moderately wounded.
You constrict the bullfrog. The bullfrog barely misses you.
The bullfrog completely misses you.
You hit the bullfrog but do no damage.
The bullfrog is heavily wounded.
You constrict the bullfrog. The bullfrog hits you.
* * * LOW HITPOINT WARNING * * *
The bullfrog barely misses you.
You hit the bullfrog.
The bullfrog is severely wounded.
You constrict the bullfrog. The bullfrog hits you!
You die...

# #.....♣# #♣.♣#
#♣.c#####.#.
#.##..c♣♣♣...♣♣♣...).....#.
# #...............#<#####. #
#...#.####...#####.# #+ ##
#.###.##.# ##.## #.# .##
#........# #.# .# ..##
##.##.#### #.## .
...####...#.#########.## ..
...+...........F@......###.
..
.................#.##......#
...
...###..#.#..###..####...#.#
.#...#..#.#..#.#..##.....#
##.###.(###..#.#..##.#..##
##.................#.#.###.#
#.###[.#.#..###..#........#
#.#.#..#.#..).#.###.#######
##.#.#..###..###.# #.#


You could see a bullfrog.

Vanquished Creatures
  A bullfrog (D:4)
  5 adders
  A white imp (D:4)
  A dart slug (D:2)
  An orc (D:3)
  7 ball pythons
  7 endoplasms
  A giant cockroach (D:2)
  9 goblins
  6 hobgoblins
  3 jackals (D:3)
  6 kobolds
  5 quokkas
  3 frilled lizards
  7 rats
63 creatures vanquished.

Notes
Turn   | Place    | Note
-------+----------+-------------------------------------------
     0 | D:1      | BlueFish the Octopode Warper began the quest for the Orb.
     0 | D:1      | Reached XP level 1. HP: 14/14 MP: 3/3
   211 | D:1      | Reached skill level 1 in Stealth
   213 | D:1      | Reached XP level 2. HP: 16/19 MP: 5/5
   223 | D:1      | Learned a level 2 spell: Blink
   226 | D:1      | Learned a level 2 spell: Lesser Beckoning
   314 | D:1      | Found Zeaphe's Assorted Antiques.
   867 | D:2      | Reached XP level 3. HP: 24/24 MP: 6/6
  1470 | D:3      | Reached XP level 4. HP: 21/30 MP: 7/7
  1475 | D:3      | Learned a level 3 spell: Teleport Other
  1968 | D:3      | Found a shimmering blue altar of Sif Muna.
  2100 | D:4      | Noticed a bullfrog
  2365 | D:4      | Noticed a bullfrog
  2618 | D:4      | Killed a bullfrog
  2619 | D:4      | Reached XP level 5. HP: 30/35 MP: 8/8
  2650 | D:4      | Noticed a centaur
  3125 | D:4      | HP: 1/35 [bullfrog (5)]
  3126 | D:4      | Slain by a bullfrog

Illustrated notes

Levels and vault maps discovered:
D:1:      onia_arrival_mini_spirals, layout_loops_ring, serial_shops,
          nicolae_shop_advertising_works [nicolae_subvault_shop_adworks]
D:2:      layout_basic
D:3:      layout_loops_cross, nicolae_sif_muna_little_library, minivault_19
D:4:      layout_loops_corners, grunt_ministairs_2, minmay_stone_trees_medium,
          chequers_serial_rivers_micro_a, minmay_misc_feat_nine_boxes,
          hangedman_decor_diamond_cutter

Skill      XL: |  1  2  3  4 |
---------------+-------------+-----
Stealth        | 1 2 3 |  3.7
Dodging        | 3 |  3.0
Fighting       | |  2.7
Maces & Flails | |  2.6
Throwing       | |  1.9
Spellcasting   | |  2.4
Translocations | |  3.5

Action                     |  1- 3 |  4- 6 || total
---------------------------+-------+-------++-------
  Melee: Mace              |    54 |    31 ||    85
         Constrict         |    14 |     7 ||    21
         Tentacles         |    10 |     7 ||    17
   Fire: Sling             |    43 |    29 ||    72
    Use: Scroll            |       |     1 ||     1
   Stab: Sleeping          |     2 |       ||     2
 Armour: Skin              |     4 |     2 ||     6
  Dodge: Dodged            |    35 |    22 ||    57

Table legend: (Time is in decaauts)
 A = Elapsed time spent in this place.
 B = Non-inter-level travel time spent in this place.
 C = Inter-level travel time spent in this place.
 D = Time resting spent in this place.
 E = Time spent auto-exploring this place.
 F = Levels seen in this place.
 G = Mean time per level.
                   A        B        C        D        E       F      G
               +--------+--------+--------+--------+--------+-----+--------+
         Total |   3159 |   2994 |    165 |     33 |   2490 |   4 |  789.8 |
       Dungeon |   3159 |   2994 |    165 |     33 |   2490 |   4 |  789.8 |
               +--------+--------+--------+--------+--------+-----+--------+

Top non-repeatable levels by time:
     D:4: 967 daAuts
     D:1: 785 daAuts
     D:3: 747 daAuts
     D:2: 658 daAuts
